Map: Catalyst LE

Players

SamuraiFunn

  • Race: Protoss Protoss
  • League: Platinum
  • Spawn Location: 5:00

A.I. 1 (Very Hard) - Winner!

  • Race: Terran Terran
  • Spawn Location: 11:00

VOD

Have the link to the VOD?

Description

Time

  • Played on: Nov. 30, 2017, 9:14 p.m.
  • Length: 4:13
Show
View Real Time Build Order
Export as new Build Order

SamuraiFunn Protoss 

Build Orders:  

Get SALT Encoding   

  12  0:01  Probe  
  13  0:13  Probe  
  14  0:21  Pylon  
  14  0:25  Probe  
  15  0:39  Probe  
  16  0:47  Gateway  
  16  0:51  Probe  
  17  1:03  Probe  
  18  1:15  Probe  
  19  1:19  Assimilator  
  19  1:23  Pylon  
  19  1:36  Cybernetics Core  
  19  1:41  Zealot  
  19  1:45  Probe  
  22  1:51  Nexus  
  22  2:01  Probe  
  22  2:05  Gateway  
  23  2:30  Warp Gate (Chrono Boost)  
  23  2:33  Assimilator  
  23  2:41  Pylon  
  23  2:50  Stalker  
  25  2:51  Gateway  
  25  2:58  Probe (Chrono Boost)  
  26  3:08  Zealot  
  26  3:10  Probe (Chrono Boost)  
  29  3:13  Probe, Gateway  
  29  3:18  Probe  
  31  3:20  Zealot  
  31  3:25  Probe  
  34  3:30  Probe  
  35  3:35  Zealot  
  37  3:41  Twilight Council  
  37  3:42  Zealot  
  37  3:48  Probe  
  40  3:51  Probe  
Show
View Real Time Build Order
Export as new Build Order

A.I. 1 (Very Hard) Terran - Winner!

Build Orders:  

Get SALT Encoding   

  12  0:00  SCV  
  13  0:13  SCV  
  14  0:19  Supply Depot  
  14  0:25  SCV  
  15  0:40  SCV  
  16  0:43  Barracks  
  16  0:46  Refinery  
  16  0:52  SCV  
  17  1:03  Barracks  
  17  1:05  SCV  
  18  1:17  SCV  
  19  1:31  Marine, Orbital Command  
  20  1:43  Barracks  
  20  1:49  Marine  
  20  1:50  Marine  
  22  1:59  Supply Depot  
  22  2:01  SCV  
  22  2:08  Barracks Tech Lab  
  23  2:10  Barracks Tech Lab  
  23  2:20  SCV  
  24  2:26  Marine  
  24  2:28  Marine  
  26  2:30  Concussive Shells, Marine  
  27  2:37  Supply Depot  
  27  2:43  Marine  
  28  2:45  Marine  
  28  2:46  SCV  
  28  2:48  Marine  
  31  3:02  Marauder  
  31  3:04  Marauder  
  35  3:06  Marine  
  35  3:07  Supply Depot  
  36  3:22  SCV  
  36  3:23  Marine x2  
  39  3:28  Marine  
  39  3:30  Supply Depot  
  40  3:40  Marine, Refinery  
  41  3:47  Marauder  
Tags
 
League
Platinum
Matchup
PvT
Replay Pack
First 100 games
Spawn Locations
Cross Positions
Add a new tag
Caveats
  • Supply blocks, unpowered buildings, or Contaminate may cause inaccurate times.
  • Supply counts are checked every 10 seconds.